 Dungeon Crawl Stone Soup version 0.26-a0-257-g47e9e61525 (webtiles) character file.

Game seed: 15945955305121104776

46 Infinimo the Magician (level 3, -5/26 HPs)
             Began as a Mummy Earth Elementalist on July 10, 2020.
             Slain by a gnoll
             ... wielding a +0 halberd
              (10 damage)
             ... on level 2 of the Dungeon.
             The game lasted 00:01:05 (1349 turns).

Infinimo the Magician (Mummy Earth Elementalist)    Turns: 1349, Time: 00:01:05

Health: -5/26      AC:  2    Str: 11    XL:     3   Next: 46%
Magic:  4/7        EV: 12    Int: 15    God:
Gold:   57         SH:  0    Dex: 12    Spells: 7/8 levels left

rFire    x . .     SeeInvis .   f - +0 short sword
rCold    + . .     Faith    .   (no shield)
rNeg     + + +     Spirit   .   c - +0 robe
rPois    ∞         Reflect  .   (no helmet)
rElec    .         Harm     .   (no cloak)
rCorr    .                      (no gloves)
MR       .....                  (no boots)
Stlth    ++........             (no amulet)
HPRegen  0.08/turn              (no ring)
MPRegen  0.10/turn              (no ring)

@: very slightly contaminated
A: no food or potions, fire vulnerability, cold resistance 1, negative energy
resistance 3, torment resistance, unbreathing
a: no special abilities


You were on level 2 of the Dungeon.
You were not hungry.

You visited 1 branch of the dungeon, and saw 2 of its levels.

You collected 57 gold pieces.

Inventory:

Hand Weapons
 f - a +0 short sword (weapon)
Missiles
 b - 93 stones (quivered)
Armour
 c - a +0 robe (worn)
Jewellery
 h - a +6 ring of intelligence {unknown}
Scrolls
 a - 2 scrolls of identify {unknown}
 d - 2 scrolls of immolation {unknown}
 e - 3 scrolls of enchant weapon {unknown}
 g - 2 scrolls of remove curse {unknown}
 i - a scroll of teleportation {unknown}


   Skills:
 + Level 1.3 Fighting
 - Level 1.5 Dodging
 - Level 1.5 Stealth
 + Level 3.3 Spellcasting
   Level 0.7 Transmutations
 * Level 3.1 Earth Magic


You had 7 spell levels left.
You knew the following spells:

 Your Spells              Type           Power        Failure   Level
a - Sandblast             Erth           ##....       5%          1

Your spell library contained the following spells:

 Spells                   Type           Power        Failure   Level
 Passwall                 Tmut/Erth      #.......     13%         2
 Stone Arrow              Conj/Erth      #.....       30%         3
 Petrify                  Tmut/Erth      #.......     65%         4
 Lee's Rapid Deconstruct  Erth           ##........   82%         5


Dungeon Overview and Level Annotations

Branches:
Dungeon (2/15)

Altars:


Innate Abilities, Weirdness & Mutations

You do not eat or drink.
Your flesh is vulnerable to fire.
You are immune to poison.
Your flesh is cold resistant. (rC+)
You are immune to negative energy. (rN+++)
You are immune to unholy pain and torment.
You can survive without breathing.


Message History

Casting: Sandblast (safe; 5% risk of failure)
Confirm with . or Enter, or press ? or * to list all spells.
Aiming: Sandblast (safe; 5% risk of failure)
Press: ? - help, Shift-Dir - straight line, f/p - gnoll
Aim: a gnoll, wielding a +0 halberd (severely wounded)
The blast of sand misses the gnoll.
b - 93 stones The gnoll hits you from afar with a +0 halberd!
Ouch! That really hurt!
* * * LOW HITPOINT WARNING * * *
Casting: Sandblast (safe; 5% risk of failure)
Confirm with . or Enter, or press ? or * to list all spells.
Aiming: Sandblast (safe; 5% risk of failure)
Press: ? - help, Shift-Dir - straight line, f/p - gnoll
Aim: a gnoll, wielding a +0 halberd (severely wounded)
You miscast Sandblast.
You are very lightly contaminated with residual magic.
Nothing appears to happen.
The gnoll hits you from afar with a +0 halberd!
You die...

#.....# #g......
#.###.### #.g.....
#.#.....# #.......
#.#.#.#.# #.g.....
#.#.#.#.#.####..K....
#.#.#...#............
#.#.##########.......
#.#...g..)....####...
#...@########.# ...
###### #.# ... #.# ..
#.# .. #!# #.# #.#
#..


You could see a gnoll.

Vanquished Creatures
  An adder (D:2)
  2 gnolls
  2 dart slugs (D:1)
  5 bats (D:1)
  3 giant cockroaches (D:1)
  A frilled lizard (D:1)
  2 kobolds
16 creatures vanquished.

Notes
Turn   | Place    | Note
-------+----------+-------------------------------------------
     0 | D:1      | Infinimo the Mummy Earth Elementalist began the quest for
                  | the Orb.
     0 | D:1      | Reached XP level 1. HP: 13/13 MP: 4/4
   159 | D:1      | Reached XP level 2. HP: 17/20 MP: 1/5
  1005 | D:2      | Reached skill level 1 in Fighting
  1007 | D:2      | Reached XP level 3. HP: 22/26 MP: 1/7
  1349 | D:2      | Slain by a gnoll

Illustrated notes

Levels and vault maps discovered:
D:1:      dpeg_arrival_simpleton_b, layout_basic, minmay_tetromino_s4
D:2:      layout_basic, lemuel_crystal_altar, minmay_misc_feat_diagonals,
          minmay_rat_hole

Skill      XL: |  1  2 |
---------------+-------+-----
Spellcasting   | 3 |  3.3
Fighting       | 1 |  1.3
Earth Magic    | 3 |  3.1
Dodging        | |  1.5
Stealth        | |  1.5
Transmutations | |  0.7

Action                   || total
-------------------------++-------
Melee: Unarmed           ||     8
       Short sword       ||    19
 Cast: Sandblast         ||    23
 Stab: Sleeping          ||     2
Armor: Robe              ||     6
Dodge: Dodged            ||    35

Table legend:
 A = Non-vault XP
 B = Vault XP
 C = Vault XP percentage of total XP
 D = Non-vault monster count
 E = Vault monster count
 F = Vault count percentage of total count
                 A         B        C        D         E       F
            +---------+---------+-------+---------+---------+-------
      Total |      64 |       3 |   4.5 |      14 |       2 |  12.5
            +---------+---------+-------+---------+---------+-------
        D:1 |      36 |       3 |   7.7 |      11 |       2 |  15.4
        D:2 |      28 |       0 |   0.0 |       3 |       0 |   0.0
            +---------+---------+-------+---------+---------+-------
